 Dungeon Crawl Stone Soup version 0.30.0-19-gbf45117a57 (webtiles) character file.

Game seed: 16598902835360229466

34 qw the Chopper (level 3, -1/23 HPs)
             Began as a Gargoyle Fighter on May 25, 2023.
             Slain by a worm (6 damage)
             ... on level 2 of the Dungeon.
             The game lasted 00:00:27 (1324 turns).

qw the Chopper (Gargoyle Fighter)                   Turns: 1324, Time: 00:00:28

Health: -1/23      AC: 10    Str: 21    XL:     3   Next: 31%
Magic:  3/3        EV:  9    Int:  8    God:
Gold:   23         SH:  4    Dex:  9    Spells: 2/2 levels left

rFire   . . .        Y - +0 war axe
rCold   . . .        c - +0 buckler
rNeg    + . .        b - +0 scale mail
rPois   inf          (no helmet)
rElec   +            (no cloak)
rCorr   .            (no gloves)
SInv    .            (no boots)
Will    .....        (no amulet) Stlth
                     (no ring)
HPRegen 0.23/turn    (no ring)
MPRegen 0.08/turn

%: no passive effects
@: slowed, very slow
A: sickness immunity, AC +3, negative energy resistance 1, electricity
resistance, torment resistance 1, petrification resistance
a: no special abilities


You were on level 2 of the Dungeon.
You visited 1 branch of the dungeon, and saw 2 of its levels.

You collected 135 gold pieces.
You spent 112 gold pieces at shops.


Innate Abilities, Weirdness & Mutations

You are immune to sickness and miasma.
Your stone body is resilient. (AC +3)
You are immune to poison.
You resist negative energy. (rN+)
You are resistant to electric shocks. (rElec)
You are resistant to unholy torment.
You are immune to petrification.


   Skills:
 - Level 3.2 Fighting
 + Level 3.3 Axes
 - Level 3.2 Armour
 - Level 3.2 Shields


You had 2 spell levels left.
You didn't know any spells.
Your spell library was empty.

Inventory:

Hand Weapons
 f - a +0 club
 Y - a +0 war axe (weapon)
Missiles
 l - a boomerang (quivered)
Armour
 b - a +0 scale mail (worn)
 c - a +0 buckler (worn)
 e - a +0 helmet
 n - a +0 chain mail
Jewellery
 h - a ring of ice
Scrolls
 a - a scroll of identify {unknown}
 i - a scroll of poison {unknown}
 m - 2 scrolls of brand weapon {unknown}
Potions
 d - a potion of might
 g - a potion of lignification {unknown}
 j - a potion of magic {unknown}
 k - a potion of experience {unknown}

Dungeon Overview and Level Annotations

Branches:
Dungeon (2/15)

Altars:

Shops:
D:2 [

Annotations:
D:2 Natasha


Message History

You kill the goblin!
Things that are here:
a +0 dagger; a goblin corpse You see here a +0 short sword.
You now have 23 gold pieces (gained 10).
Found a scale mail.
Natasha and a worm come into view.
Natasha is carrying a wand of flame (15).
Found a sling.
Natasha hisses angrily.
You barely miss Natasha. Natasha claws you but does no damage.
Natasha stares at you and mumbles some strange words.
The magic dart hits you.
You hit Natasha.
Natasha is moderately wounded.
Natasha zaps a wand.
The puff of flame hits you.
You completely miss Natasha.
Natasha is moderately wounded.
Natasha claws you. Natasha claws you!
You barely miss Natasha.
Natasha is moderately wounded.
Natasha claws you but does no damage.
You miss Natasha.
Natasha is moderately wounded.
Natasha stares at you and mumbles some strange words.
You feel yourself slow down.
You hit Natasha.
Natasha is heavily wounded.
Natasha zaps a wand.
The puff of flame hits you. Natasha claws you.
You barely miss Natasha.
Natasha is heavily wounded.
Natasha closely misses you.
Natasha zaps a wand.
The puff of flame hits you.
An adder comes into view.
The adder hisses angrily.
You hit Natasha but do no damage.
Natasha is heavily wounded.
You hit the worm but do no damage. Natasha barely misses you.
The worm bites you.
You die...

(......## .. ..
......).# .# ..
........# .. ##.
......... .####..
....>.... [.#..
.##...... #...###
#..##...
##w....######.# #..<
#.h@##.....>..###...
#.#.................
#..###.......#####...
.S............# #...
.)..#####......# ####
.. ###..### # . ##..#
# ##.# # #.### #


You could see a worm, Natasha and an adder.

Vanquished Creatures
  A worm (D:1)
  A dart slug (D:2)
  2 ball pythons
  2 bats (D:1)
  3 endoplasms
  A giant cockroach (D:2)
  5 goblins
  2 hobgoblins (D:1)
  4 kobolds
  2 quokkas
  A rat (D:1)
24 creatures vanquished.

Notes
Turn   | Place    | Note
-------+----------+-------------------------------------------
     0 | D:1      | qw the Gargoyle Fighter began the quest for the Orb.
     0 | D:1      | Reached XP level 1. HP: 14/14 MP: 1/1
     0 | D:1      | 0 ||| qw: Version: 0.2-a-98-g5d7165a
     0 | D:1      | 0 ||| qw: Game counter: 76
     0 | D:1      | 0 ||| qw: Always use a shield: true
     0 | D:1      | 0 ||| qw: God list: Okawaru
     0 | D:1      | 0 ||| qw: Allow faded altars: false
     0 | D:1      | 0 ||| qw: Do Orc after D:15 true
     0 | D:1      | 0 ||| qw: Do second Lair branch before Depths: true
     0 | D:1      | 0 ||| qw: Lair rune preference: random
     0 | D:1      | 0 ||| qw: Plans: Normal, Zot:1-4, God:TSO, Crypt, Tomb,
                  | Pan, Slime:5, Hells, Abyss, Win
     0 | D:1      | 0 ||| PLANNING D:1-11
    72 | D:1      | 72 ||| Stepping ~*~*~tactically~*~*~ (stealth).
   252 | D:1      | Reached XP level 2. HP: 19/19 MP: 2/2
   358 | D:1      | Found a faded altar of an unknown god.
   953 | D:1      | 953 ||| READING scroll labelled OMEMUU BA QIV.
   954 | D:1      | 954 ||| READING scroll labelled QUF TYSUVVU.
   997 | D:2      | 997 ||| STAIRDANCE
  1001 | D:1      | Reached skill level 3 in Axes
  1001 | D:1      | Reached XP level 3. HP: 16/23 MP: 3/3
  1154 | D:2      | 1154 ||| Stepping ~*~*~tactically~*~*~ (hiding).
  1182 | D:2      | Found Cuircha's Antique Armour Shop.
  1223 | D:2      | 1223 ||| BUYING chain mail (112 gold).
  1223 | D:2      | Bought a chain mail for 112 gold pieces
  1223 | D:2      | 1223 ||| SHOPLISTING gold dragon scales (2000 gold, have
                  | 13).
  1223 | D:2      | 1223 ||| SHOPLISTING pair of runed boots (187 gold, have
                  | 13).
  1223 | D:2      | 1223 ||| SHOPLISTING runed ring mail (175 gold, have 13).
  1238 | D:2      | 1238 ||| Stepping ~*~*~tactically~*~*~ (stealth).
  1316 | D:2      | Noticed Natasha
  1323 | D:2      | HP: 4/23 [Natasha/puff of flame (2)]
  1324 | D:2      | Slain by a worm

Levels and vault maps discovered:
D:1:      evilmike_arrival_rings, layout_basic,
          shapermc_ecumenical_altar_hornbeckon
D:2:      layout_rooms, serial_shops, nicolae_lakefront_shop,
          kennysheep_generic_room_3, uniq_natasha

Skill      XL: |  1  2 |
---------------+-------+-----
Axes           | 2 3 |  3.3
Fighting       | |  3.2
Armour         | |  3.2
Shields        | |  3.2

Action                     || total
---------------------------++-------
  Melee: War axe           ||    71
  Throw: Boomerang         ||     2
    Use: Scroll            ||     2
 Armour: Scale mail        ||    30
  Dodge: Dodged            ||    35
  Block: Buckler           ||    11

Table legend:
 A = Non-vault XP
 B = Vault XP
 C = Vault XP percentage of total XP
 D = Non-vault monster count
 E = Vault monster count
 F = Vault count percentage of total count
                 A         B        C        D         E       F
            +---------+---------+-------+---------+---------+-------
      Total |      47 |       2 |   4.1 |      23 |       1 |   4.2
            +---------+---------+-------+---------+---------+-------
        D:1 |      34 |       0 |   0.0 |      16 |       0 |   0.0
        D:2 |      13 |       2 |  13.3 |       7 |       1 |  12.5
            +---------+---------+-------+---------+---------+-------
